Map: Abyssal Reef LE

Players

BigBrother - Winner!

  • Race: Terran Terran
  • League: Diamond
  • Spawn Location: 11:00

Dessa

  • Race: Zerg Zerg
  • League: Diamond
  • Spawn Location: 5:00

VOD

Have the link to the VOD?

Description

Time

  • Played on: Dec. 14, 2017, 7:47 a.m.
  • Length: 6:47
Show
View Real Time Build Order
Export as new Build Order

BigBrother Terran - Winner!

Build Orders: Liberator Opening, Reaper Expand 

Get SALT Encoding   

  12  0:00  SCV  
  13  0:13  SCV  
  14  0:17  Supply Depot  
  14  0:25  Refinery  
  14  0:29  SCV  
  15  0:42  Barracks  
  15  0:46  SCV  
  16  0:59  SCV  
  17  1:11  SCV  
  18  1:28  Orbital Command  
  18  1:29  Reaper  
  19  1:44  Command Center  
  19  1:56  Factory  
  19  2:10  SCV  
  19  2:12  Barracks Reactor  
  19  2:14  Refinery  
  20  2:19  Supply Depot  
  19  2:58  Starport  
  19  2:59  Orbital Command  
  19  3:02  Hellion x2  
  23  3:09  SCV  
  24  3:22  SCV  
  24  3:24  Hellion x2  
  29  3:29  SCV  
  30  3:34  SCV  
  30  3:35  Liberator  
  31  3:46  SCV  
  32  3:51  Hellion x2  
  32  3:54  Supply Depot  
  39  3:58  SCV, Factory  
  40  4:07  Barracks Tech Lab  
  40  4:09  SCV  
  41  4:11  SCV  
  42  4:19  Armory  
  42  4:22  SCV  
  42  4:23  SCV  
  44  4:35  SCV, Viking  
  47  4:41  Hellion x2  
  47  4:42  SCV  
  52  4:48  SCV  
  53  4:54  SCV  
  54  5:20  Command Center  
  54  5:22  Hellion x2, SCV, Viking  
  61  5:39  SCV  
  62  5:45  SCV, Siege Tank  
  62  5:46  Supply Depot, Cyclone  
  62  5:48  Supply Depot  
  69  5:51  SCV  
  70  6:08  SCV, Cyclone  
  70  6:10  Refinery  
  74  6:12  Refinery  
  74  6:20  SCV  
  72  6:32  SCV  
Show
View Real Time Build Order
Export as new Build Order

Dessa Zerg 

Build Orders: Hatch First 

Get SALT Encoding   

  12  0:01  Drone  
  13  0:13  Overlord  
  13  0:17  Drone  
  14  0:31  Drone x2  
  14  0:35  Drone  
  17  0:54  Hatchery  
  16  0:57  Drone  
  16  1:02  Extractor  
  16  1:03  Drone  
  17  1:16  Spawning Pool  
  16  1:19  Drone  
  16  1:25  Drone  
  18  1:30  Overlord  
  18  1:39  Drone  
  19  1:51  Drone  
  20  2:02  Drone, Queen  
  20  2:03  Metabolic Boost  
  23  2:10  Queen  
  23  2:14  Zergling x2  
  26  2:20  Drone  
  28  2:22  Drone  
  28  2:30  Extractor  
  27  2:42  Zergling x2  
  27  2:43  Zergling x2  
  29  2:48  Extractor  
  29  2:54  Zergling x2  
  29  2:55  Drone x3  
  33  3:07  Hatchery  
  33  3:08  Overlord  
  32  3:15  Drone  
  32  3:17  Drone  
  32  3:18  Drone  
  35  3:20  Drone  
  35  3:26  Queen  
  35  3:51  Overlord  
  35  3:53  Zergling x8  
  35  3:54  Drone x2  
  35  3:55  Drone x2  
  43  3:58  Drone, Evolution Chamber  
  43  3:59  Evolution Chamber  
  43  4:00  Drone x2  
  43  4:01  Drone, Extractor  
  44  4:17  Overlord  
  44  4:21  Drone  
  44  4:24  Lair  
  45  4:30  Zergling x4, Queen  
  49  4:37  Zergling x6  
  52  4:42  Zergling x4  
  52  4:43  Zergling x6  
  57  4:46  Drone x2  
  57  4:48  Zerg Melee Weapons Level 1  
  59  4:56  Drone, Extractor  
  59  4:57  Drone x4, Extractor  
  51  5:33  Drone x2  
  51  5:34  Drone x3  
  56  5:36  Drone x2  
  56  5:37  Overlord x2  
  56  5:38  Overlord  
  58  5:47  Queen  
  58  6:04  Drone  
  58  6:05  Drone  
  58  6:06  Drone, Spore Crawler  
  58  6:10  Spore Crawler  
  59  6:12  Drone x4, Spore Crawler  
  62  6:23  Spire  
Tags
 
Add a new tag
Caveats
  • Supply blocks, unpowered buildings, or Contaminate may cause inaccurate times.
  • Supply counts are checked every 10 seconds.